 Dungeon Crawl Stone Soup version 0.28.0-53-g5a82cb258f (webtiles) character file.

Game seed: 11291540684467642537

988 Flarelocke the Ruffian (level 7, -1/72 HPs)
             Began as a Troll Monk on Aug 12, 2022.
             Was a Believer of Trog.
             Slain by a phantom (5 damage)
             ... on level 5 of the Dungeon.
             The game lasted 00:06:20 (3232 turns).

Flarelocke the Ruffian (Troll Monk)                 Turns: 3232, Time: 00:06:21

Health: -1/72      AC:  4    Str: 22    XL:     7   Next: 97%
Magic:  6/6        EV: 11    Int:  6    God:    Trog [**....]
Gold:   117        SH:  0    Dex: 12    Spells: 6/6 levels left

rFire   . . .      SeeInvis .     - Unarmed
rCold   . . .      Faith    .   (no shield)
rNeg    . . .      Spirit   .   a - +0 robe
rPois   .          Reflect  .   (helmet restricted)
rElec   .          Harm     .   (no cloak)
rCorr   .          Rampage  .   (gloves unavailable)
Will    ++...                   (boots unavailable)
Stlth   ++........              (no amulet)
HPRegen 2.02/turn               c - ring of flight
MPRegen 0.10/turn               (no ring)

@: lethally poisoned (-1 -> -2), strong-willed, on berserk cooldown, flying,
regenerating, slowed, very slow
A: large, unfitting armour, claws 3, regeneration 1, shaggy fur 1, tough skin 1
a: Renounce Religion, Berserk, Trog's Hand


You were on level 5 of the Dungeon.
You worshipped Trog.
Trog was pleased with you.
You visited 2 branches of the dungeon, and saw 6 of its levels.

You collected 145 gold pieces.
You spent 28 gold pieces at shops.

Inventory:

Hand Weapons
 n - a +4 vorpal dire flail
Armour
 a - a +0 robe (worn)
Jewellery
 c - a ring of flight (left claw)
Scrolls
 d - 3 scrolls of teleportation {unknown}
 e - a scroll of enchant armour {unknown}
 f - 2 scrolls of summoning {unknown}
 g - a scroll of amnesia {unknown}
 h - a scroll of fog {unknown}
 j - 3 scrolls of noise {unknown}
 l - a scroll of vulnerability {unknown}
Potions
 b - a potion of lignification {unknown}
 i - 4 potions of curing
 k - a potion of heal wounds {unknown}
 m - a potion of mutation {unknown}


   Skills:
 + Level 5.0 Fighting
 + Level 5.0 Dodging
 - Level 1.0 Stealth
 + Level 6.1 Unarmed Combat


You had 6 spell levels left.
You didn't know any spells.
Your spell library contained the following spells:

 Spells                   Type           Power      Damage    Failure   Level
 Conjure Flame            Conj/Fire      0%         6-21      83%         3
 Ignite Poison            Fire/Tmut/Pois 0%         N/A       83%         3
 Sticky Flame             Conj/Fire      0%         2d3       99%         4


Dungeon Overview and Level Annotations

Branches:
Dungeon (5/15)             Temple (1/1) D:5

Altars:
Ashenzari
Dithmenos
Fedhas
Hepliaklqana
Kikubaaqudgha
Makhleb
Okawaru
Qazlal
Ru
Trog
Vehumet
Wu Jian
Xom
Zin
The Shining One

Shops:
D:3 ?


Innate Abilities, Weirdness & Mutations

You are too large for most types of armour.
You have claws for hands.
Your natural rate of healing is unusually fast.
You are covered in fur. (AC +1)
You have tough skin. (AC +1)


Message History

You closely miss the phantom. The phantom hits you.
You are too injured to fight recklessly!
You are too injured to fight recklessly!
You are too injured to fight recklessly!
You scratch the phantom.
The phantom is lightly damaged.
The phantom barely misses you. The dart slug launches a dart at you.
The slug dart hits you.
You scratch the phantom but do no damage.
The phantom is lightly damaged.
The adder barely misses you. The phantom hits you. The adder bites you.
You scratch the phantom but do no damage.
The phantom is lightly damaged.
The phantom hits you!
* * * LOW HITPOINT WARNING * * *
The phantom blinks!
You blink.
The phantom hits you.
* * * LOW HITPOINT WARNING * * *
The phantom blinks!
You blink.
You closely miss the phantom.
The phantom is lightly damaged.
The dart slug launches a dart at you.
The slug dart hits you but does no damage.
The phantom hits you!
* * * LOW HITPOINT WARNING * * *
The phantom blinks!
You blink.
Your skin crawls.
You feel strong-willed. The phantom hits you!
* * * LOW HITPOINT WARNING * * *
You barely miss the phantom.
The phantom is lightly damaged.
The phantom hits you.
* * * LOW HITPOINT WARNING * * *
The phantom misses you.
You barely miss the adder. The adder bites you.
* * * LOW HITPOINT WARNING * * *
You are poisoned.
The adder poisons you! The phantom hits you.
You die...

########## ### ###
#........###########.########..
#....§.............#.##...#....
#.(.....≈≈≈≈≈.........#........
#.....≈≈≈≈≈≈≈≈≈........).##..##
#...≈≈≈≈≈≈≈≈≈≈≈≈≈.....##.......
#..≈≈≈≈≈≈≈≈≈≈≈≈≈≈≈.......##....
#..≈≈≈≈≈≈...≈W≈≈≈≈...........#.
#..≈§≈≈≈≈.>.≈S@≈≈≈.##.......###
#..≈≈≈≈≈≈...≈≈≈≈≈≈........###
#...≈≈≈≈≈≈≈≈≈≈≈≈≈........##
#.....≈≈≈≈≈≈≈≈≈O.........######
#.......≈≈≈≈≈.o................
#........wg.g..................
#...##.....###....#............
#... #............##........#..
#.. ......##......###.......# #


You could see a phantom, an ogre, 2 gnolls, an adder, a dart slug and an orc.

Vanquished Creatures
  Grinder (D:3)
  Edmund (D:5)
  A black bear (D:5)
  2 ogres (D:4)
  A phantom (D:5)
  A bullfrog (D:3)
  A howler monkey (D:5)
  3 hounds
  2 iguanas
  4 adders
  A gnoll (D:5)
  A worm (D:4)
  2 dart slugs (D:1)
  6 orcs
  6 bats
  7 endoplasms
  5 goblins
  11 hobgoblins
  2 quokkas
  5 ball pythons
  5 frilled lizards
  6 kobolds
  5 rats
79 creatures vanquished.

Notes
Turn   | Place    | Note
-------+----------+-------------------------------------------
     0 | D:1      | Flarelocke the Troll Monk began the quest for the Orb.
     0 | D:1      | Reached XP level 1. HP: 22/22 MP: 0/0
    20 | D:1      | Reached XP level 2. HP: 27/29 MP: 1/1
   221 | D:1      | Reached XP level 3. HP: 33/36 MP: 2/2
   519 | D:2      | Reached XP level 4. HP: 45/45 MP: 3/3
   718 | D:2      | Found a bloodstained altar of Trog.
   740 | D:2      | Became a worshipper of Trog the Wrathful
   740 | D:2      | Reached * piety under Trog
   740 | D:2      | Reached ** piety under Trog
  1180 | D:3      | Noticed a bullfrog
  1191 | D:3      | Killed a bullfrog
  1192 | D:3      | Reached skill level 4 in Unarmed Combat
  1192 | D:3      | Reached XP level 5. HP: 53/53 MP: 4/4
  1313 | D:3      | Found a blossoming altar of Fedhas.
  1472 | D:3      | Noticed Grinder
  1484 | D:3      | Killed Grinder
  1485 | D:3      | Reached XP level 6. HP: 62/62 MP: 5/5
  1557 | D:3      | Found Ronu's Magic Scroll Boutique.
  1565 | D:3      | Bought a scroll of identify for 28 gold pieces
  2044 | D:4      | Reached skill level 5 in Unarmed Combat
  2395 | D:4      | Reached XP level 7. HP: 47/70 MP: 6/6
  2874 | D:5      | Entered Level 5 of the Dungeon
  2874 | D:5      | Noticed Edmund
  2884 | D:5      | Killed Edmund
  2983 | D:5      | Found a staircase to the Ecumenical Temple.
  3012 | Temple   | Entered the Ecumenical Temple
  3214 | D:5      | Reached skill level 6 in Unarmed Combat
  3217 | D:5      | Reached skill level 5 in Fighting
  3217 | D:5      | Reached skill level 5 in Dodging
  3232 | D:5      | Slain by a phantom

Illustrated notes

Levels and vault maps discovered:
D:1:      scummos_arrival_checkerplants, layout_rooms, item_on_display_a
D:2:      layout_loops_ring, basic_altar
D:3:      layout_loops_ring, mainiacjoe_overflow_alcove_4, serial_shops, shop,
          uniq_grinder
D:4:      layout_layer_cave
D:5:      layout_cave_pools, temple_pool_b, uniq_edmund
Temple:   cyrus_circular_temple

Skill      XL: |  1  2  3  4  5  6  7 |
---------------+----------------------+-----
Fighting       | 3 4 5 |  5.0
Dodging        | 3 4 5 |  5.0
Unarmed Combat | 4 5 6 |  6.1
Stealth        | |  1.0

Action                   |  1- 3 |  4- 6 |  7- 9 || total
-------------------------+-------+-------+-------++-------
Melee: Unarmed           |    72 |   110 |    48 ||   230
       Punch             |     2 |     2 |     1 ||     5
Invok: Berserk           |       |     3 |     3 ||     6
       Trog's Hand       |       |       |     1 ||     1
  Use: Scroll            |       |     1 |       ||     1
 Stab: Sleeping          |     4 |     1 |       ||     5
Armor: Robe              |    18 |    24 |     9 ||    51
Dodge: Dodged            |    41 |    41 |    31 ||   113
